 Dungeon Crawl Stone Soup version 0.21-a0-153-g78480df (webtiles) character file.

131570 xXxSPECTATORxXx the Severer (level 16, -7/151 HPs)
             Began as a Minotaur Berserker on Aug 1, 2017.
             Was the Champion of Trog.
             Mangled by an emperor scorpion (11 damage)
             ... on level 4 of the Spider Nest.
             The game lasted 00:48:43 (23199 turns).

xXxSPECTATORxXx the Severer (Minotaur Berserker)   Turns: 23199, Time: 00:48:44

Health: -7/151     AC: 30    Str: 28    XL:     16   Next: 55%
Magic:  15/15      EV: 14    Int:  7    God:    Trog [******]
Gold:   993        SH:  0    Dex: 11    Spells: 15/15 levels left

rFire    + . .     SeeInvis +   M - +10 battleaxe "Rabel" {chop, +Rage}
rCold    . . .     Gourm    .   (shield currently unavailable)
rNeg     . . .     Faith    .   q - +2 plate armour {rF+}
rPois    +         Spirit   .   p - +1 hat {SInv}
rElec    .         Reflect  .   S - +2 cloak {rPois}
rCorr    .         Harm     .   j - +0 pair of gloves
MR       ++...                  u - +2 pair of boots
Stlth    ..........             K - amulet of regeneration {+regen, !d}
HPRegen  0.75/turn              f - ring of protection from magic {MR+}
MPRegen  0.14/turn              T - +3 ring of intelligence

@: lethally poisoned (-7 -> -42), berserk cooldown, slowed, very slow
A: retaliatory headbutt, horns 2, no potion heal 1
a: Berserk, Trog's Hand, Brothers in Arms, Burn Spellbooks, Renounce Religion,
Evoke Berserk Rage


You were on level 4 of the Spider Nest.
You worshipped Trog.
Trog was exalted by your worship.
You were not hungry.

You visited 4 branches of the dungeon, and saw 24 of its levels.
You also visited: Ossuary.

You collected 2457 gold pieces.
You spent 1464 gold pieces at shops.

Inventory:

Hand Weapons
 M - the +10 battleaxe "Rabel" (weapon) {chop, +Rage}
   (Trog gifted it to you on level 1 of the Spider Nest)

   It inflicts extra damage upon your enemies.
   It lets you go berserk.
Missiles
 I - 7 throwing nets {=f, !d}
Armour
 b - a +1 plate armour of magic resistance
   (You took it off an orc knight on level 1 of the Orcish Mines)
 j - a +0 pair of gloves (worn)
   (You found it on level 2 of the Lair of Beasts)
 p - a +1 hat of see invisible (worn)
   (You acquired it on level 2 of the Spider Nest)
 q - a +2 plate armour of fire resistance (worn)
   (You took it off an orc warrior on level 1 of the Orcish Mines)
 u - a +2 pair of boots (worn)
   (You found it on level 11 of the Dungeon)
 O - the +2 leather armour of the Fife {MR+ rCorr, unknown}
   (You found it on level 4 of the Spider Nest)

   It affects your resistance to hostile enchantments.
   It protects you from acid and corrosion.
 S - a +2 cloak of poison resistance (worn)
   (You bought it in a shop on level 2 of the Orcish Mines)
 W - the +1 chain mail "Xawn" {rF+}
   (You found it on level 9 of the Dungeon)

   It protects you from fire.
 Z - a scarf of resistance
   (You bought it in a shop on level 2 of the Orcish Mines)
Jewellery
 f - a ring of protection from magic (left hand) {MR+}
   (You found it on level 6 of the Lair of Beasts)
 o - an uncursed ring of flight {+Fly, !d}
   (You found it on level 2 of the Dungeon)
 K - an amulet of regeneration (around neck) {+regen, !d}
   (You bought it in a shop on level 2 of the Orcish Mines)
 T - a +3 ring of intelligence (right hand)
   (You found it on level 9 of the Dungeon)
Wands
 d - a wand of disintegration (3/24)
   (You found it on level 5 of the Lair of Beasts)
 Q - a wand of acid (10/15)
   (You found it on level 6 of the Lair of Beasts)
Scrolls
 h - 2 scrolls of teleportation
 i - 2 scrolls of amnesia
 m - 5 scrolls of magic mapping {!r}
 r - 4 scrolls of recharging
 s - 5 scrolls of enchant weapon
 w - 5 scrolls of remove curse
 x - 3 scrolls of noise {unknown}
 y - 3 scrolls of fog
 z - 5 scrolls of immolation {!r}
 B - a scroll of silence {!r}
 C - 2 scrolls of blinking {unknown}
 F - a scroll of random uselessness {unknown}
 J - a scroll of summoning
 X - 4 scrolls of vulnerability {!r}
Potions
 e - 5 potions of mutation {!q}
 g - 2 potions of ambrosia {!q}
 l - 10 potions of curing
 n - 5 potions of flight
 t - 5 potions of agility
 v - 6 potions of invisibility
 A - 5 potions of lignification {!q}
 D - a potion of magic
 H - 2 potions of haste
 L - 2 potions of cancellation
 N - a potion of resistance
 P - a potion of might
 Y - 4 potions of brilliance
Comestibles
 c - 12 bread rations {@e1}
 k - 11 meat rations {@e2}


   Skills:
 * Level 16.1 Fighting
 - Level 20.6 Axes
 * Level 17.1 Armour
 + Level 13.9 Dodging


You had 15 spell levels left.
You didn't know any spells.

Dungeon Overview and Level Annotations

Branches:
Dungeon (12/15)            Temple (0/1) D:4            Lair (6/6) D:10
 Shoals (0/4) Lair:2       Spider (4/4) Lair:4        Slime (0/5) Lair:6
    Orc (2/2) D:10            Elf (0/3) Orc:2

Altars:
Dithmenos
Elyvilon
Ru
Xom
The Shining One
Beogh

Shops:
D:5 [   D:6 !   D:9 *   Orc:2 =*[(

Annotations:
Lair:4 exclusion: oklob plant
Lair:6 1 runed door


Innate Abilities, Weirdness & Mutations

You reflexively headbutt those who attack you in melee.
You have a pair of horns on your head.
Potions are less effective at restoring your health.


Message History

The emperor scorpion claws you! The emperor scorpion misses you.
You take 9 damage, and have 117/226 hp.
Unknown command.
Unknown command.
You hit the emperor scorpion. The emperor scorpion stings you.
You are poisoned.
The emperor scorpion poisons you!
The emperor scorpion claws you but does no damage. x2
You take 4 damage, and have 113/226 hp.
You barely miss the emperor scorpion.
You feel yourself speed up.
You feel sick.
The emperor scorpion stings you but does no damage.
The emperor scorpion closely misses you.
The emperor scorpion claws you but does no damage.
You take 2 damage, and have 111/226 hp.
Unknown command.
Unknown command.
You slash the emperor scorpion! You headbutt the emperor scorpion!!
You feel sick.
The emperor scorpion completely misses you.
The emperor scorpion misses you.
The emperor scorpion claws you but does no damage.
Unknown command.
Unknown command.
You barely miss the emperor scorpion.
You feel sick.
You take 1 damage, and have 110/226 hp.
Unknown command.
Unknown command.
You closely miss the emperor scorpion.
You feel sick.
The emperor scorpion stings you but does no damage.
The emperor scorpion claws you! x2
You take 28 damage, and have 82/226 hp.
Unknown command.
Unknown command.
You closely miss the emperor scorpion.
You feel sick.
The emperor scorpion closely misses you.
The emperor scorpion barely misses you. The emperor scorpion claws you!
You take 7 damage, and have 75/226 hp.
Unknown command.
Unknown command.
You barely miss the emperor scorpion.
You are no longer berserk.
You are exhausted.
You feel yourself slow down.
You feel sick. The emperor scorpion stings you!!
* * * LOW HITPOINT WARNING * * *
The emperor scorpion claws you but does no damage. x2
You now have 31/151 hp.
Unknown command.
You barely miss the emperor scorpion.
You headbutt the emperor scorpion, but do no damage.
You feel sick. The emperor scorpion stings you.
* * * LOW HITPOINT WARNING * * *
The emperor scorpion claws you!
* * * LOW HITPOINT WARNING * * *
The emperor scorpion barely misses you.
The moth of wrath goads something on!
You take 11 damage, and have 20/151 hp.
MP restored: 15 Unknown command.
Okay, then.
Your system partially rejects the healing.
You feel much better.
You feel sick.
The emperor scorpion stings you but does no damage.
The emperor scorpion closely misses you. x2
The emperor scorpion stings you.
* * * LOW HITPOINT WARNING * * *
The emperor scorpion claws you!
* * * LOW HITPOINT WARNING * * *
The emperor scorpion claws you but does no damage.
You take 1 damage, and have 19/151 hp.
Your system partially rejects the healing.
You feel much better.
You feel very sick.
The emperor scorpion stings you but does no damage.
The emperor scorpion closely misses you.
The emperor scorpion claws you but does no damage.
The emperor scorpion stings you!!
* * * LOW HITPOINT WARNING * * *
The emperor scorpion closely misses you.
The emperor scorpion claws you.
* * * LOW HITPOINT WARNING * * *
The emperor scorpion stings you but does no damage.
The emperor scorpion claws you!
* * * LOW HITPOINT WARNING * * *
The emperor scorpion misses you.
You take 13 damage, and have 6/151 hp.
Okay, then.
As you read the scroll of identify, it crumbles to dust.
i - 2 scrolls of amnesia You feel sick.
The emperor scorpion stings you.
* * * LOW HITPOINT WARNING * * *
You are lethally poisoned!
The emperor scorpion poisons you! The emperor scorpion barely misses you.
The emperor scorpion claws you but does no damage.
The emperor scorpion stings you but does no damage.
The emperor scorpion claws you but does no damage.
The emperor scorpion claws you!
You die...

#≈...# ###≈....†≈≈.....##.## ##≈.
#≈.†≈##..###≈≈.≈##≈≈≈###...###≈.≈
##≈≈.≈≈≈≈.############ #..≈≈≈≈.≈#
###.≈≈≈≈.#### #### ####≈≈..≈#
#...#.^##.. ... #≈≈..≈##
#≈.^#####... y. ##..≈.## ##..≈##
..##s ###≈.≈##### ##≈.≈## #†s#
##.%†^.####^ #≈...# ##^@#
#≈.†.†##≈... #≈..≈##
#≈^.#####≈..≈≈≈≈≈≈.^
##.##≈..≈###..##≈≈#≈..^#≈≈≈####
#^.≈≈≈≈..≈##≈.##..)..≈######
#...≈≈≈#≈≈.^...≈.≈≈≈≈###
###≈≈#######.....##### ###
###≈≈≈# #####


You could see 2 emperor scorpions and a moth of wrath.

Vanquished Creatures
  Arachne (Spider:2)
  Rupert (Spider:1)
  The ghost of Ag the Severer, an adept FoCK of Xom (Spider:3)
  The ghost of terra52 the Warrior, an adept FoFi of Gozag (Orc:2)
  An orc warlord (Orc:2)
  4 ghost moths
  6 emperor scorpions
  6 entropy weavers
  A spark wasp (Spider:4)
  Snorg (Lair:4)
  A merfolk impaler (Lair:2)
  Harold (Lair:4)
  3 hydras
  6 two-headed ogres
  5 orc high priests (Orc:2)
  A lindwurm (Lair:6)
  Pikel (D:5)
  5 orc knights
  22 orb spiders
  34 wolf spiders
  2 cyclopes
  A manticore (Lair:2)
  5 elephants (Lair:2)
  3 orc sorcerers (Orc:2)
  2 moths of wrath
  7 black mambas
  6 torpor snails
  9 spiny frogs
  2 gargoyles
  2 centaur skeletons
  10 demonic crawlers
  A rime drake (Lair:5)
  2 kobold demonologists (D:12)
  6 komodo dragons
  2 polar bears
  4 tyrant leeches (Lair:6)
  3 meliai (Spider:2)
  34 jumping spiders
  A merfolk (D:9)
  4 trolls
  15 hornets
  9 blink frogs
  5 hippogriffs
  5 dream sheep (Lair:4)
  80 redbacks
  Eustachio (D:5)
  36 tarantellas
  A wraith (D:10)
  Sigmund (D:2)
  15 yaks
  A basilisk (Lair:6)
  A wyvern (Lair:5)
  A steam dragon (Lair:4)
  2 hell hounds (D:10)
  10 wargs
  11 water moccasins
  7 porcupines
  A phantom (D:9)
  5 ice beasts
  22 orc warriors
  2 sky beasts
  2 black bears
  12 wolves
  8 ogres
  11 centaurs
  6 crocodiles
  3 big kobolds
  8 bullfrogs
  5 scorpions
  12 killer bees (D:9)
  2 electric eels
  5 wights (D:10)
  2 howler monkeys
  3 crimson imps
  4 hounds
  4 jellies
  15 orc priests
  18 orc wizards
  2 iguanas
  5 worker ants
  4 hell rats (Lair:3)
  2 big kobold zombies (Ossuary)
  2 hound skeletons
  9 mummies
  4 gnolls (Orc:1)
  15 adders
  5 oozes (Lair:6)
  4 worms
  2 dart slugs
  3 leopard geckos
  61 orcs
  A bat (D:1)
  4 giant cockroaches
  2 gnoll zombies (Ossuary)
  9 goblins
  11 hobgoblins
  2 jackals (D:1)
  13 kobolds
  7 quokkas
  3 ball pythons
  A frilled lizard (D:2)
  2 hobgoblin zombies
  A kobold zombie (Ossuary)
  3 orc zombies
  A quokka skeleton (D:5)
  8 rats
  5 fungi
  6 plants
756 creatures vanquished.

Vanquished Creatures (collateral kills)
  A hydra (Lair:1)
  2 spiny frogs (Lair:1)
  A porcupine (Lair:1)
  A bullfrog (Lair:1)
5 creatures vanquished.

Vanquished Creatures (others)
  A spiny frog (Lair:6)
  A leopard gecko zombie (D:5)
  10 fungi
  A plant (Lair:6)
13 creatures vanquished.

Grand Total: 774 creatures vanquished

Notes
Turn   | Place    | Note
-------+----------+-------------------------------------------
     0 | D:1      | xXxSPECTATORxXx the Minotaur Berserker began the quest for the Orb.
     0 | D:1      | Reached XP level 1. HP: 19/19 MP: 0/0
    59 | D:1      | Reached skill level 4 in Axes
    62 | D:1      | HP: 4/19 [hobgoblin/club (7)]
    68 | D:1      | HP: 4/19 [hobgoblin/club (1)]
    89 | D:1      | Reached XP level 2. HP: 7/26 MP: 1/1
   853 | D:1      | Reached skill level 5 in Axes
  1007 | D:2      | Found a white marble altar of Elyvilon.
  1017 | D:2      | Reached XP level 3. HP: 21/31 MP: 2/2
  1272 | D:2      | Reached ** piety under Trog
  1316 | D:2      | Noticed Sigmund
  1327 | D:2      | Killed Sigmund
  1327 | D:2      | Reached skill level 7 in Axes
  1327 | D:2      | Reached XP level 4. HP: 29/39 MP: 3/3
  1327 | D:2      | Reached XP level 5. HP: 33/45 MP: 4/4
  1890 | D:3      | Reached skill level 8 in Axes
  1890 | D:3      | Reached XP level 6. HP: 30/51 MP: 5/5
  2177 | D:3      | Reached *** piety under Trog
  2318 | D:3      | Reached skill level 9 in Axes
  2683 | D:4      | Reached XP level 7. HP: 36/57 MP: 6/6
  2931 | D:4      | Found a staircase to the Ecumenical Temple.
  3193 | D:4      | Reached skill level 10 in Axes
  3644 | D:5      | Entered Level 5 of the Dungeon
  3706 | D:5      | Found a sand-covered staircase.
  3715 | Ossuary  | Entered an ossuary
  3980 | Ossuary  | Reached skill level 11 in Axes
  4317 | D:5      | Noticed Eustachio
  4332 | D:5      | Killed Eustachio
  4332 | D:5      | Reached XP level 8. HP: 64/64 MP: 7/7
  4425 | D:5      | Noticed Pikel
  4431 | D:5      | Killed Pikel
  4431 | D:5      | Reached skill level 12 in Axes
  4512 | D:5      | Reached skill level 13 in Axes
  4676 | D:5      | Found Pof Kuam's Antique Armour Shop.
  4682 | D:5      | Bought a chain mail for 90 gold pieces
  4836 | D:6      | Reached **** piety under Trog
  5026 | D:6      | Found Acif's Distillery.
  5116 | D:5      | Reached XP level 9. HP: 65/70 MP: 8/8
  5120 | D:5      | Gained mutation: You are agile. (Dex +2) [mutagenic meat]
  5163 | D:6      | Bought a potion of agility for 44 gold pieces
  5163 | D:6      | Bought a potion of lignification for 33 gold pieces
  5163 | D:6      | Bought a potion of curing for 33 gold pieces
  5163 | D:6      | Bought a potion of flight for 33 gold pieces
  5163 | D:6      | Bought a potion of might for 44 gold pieces
  5193 | D:6      | Reached skill level 14 in Axes
  6446 | D:8      | Reached skill level 15 in Axes
  7072 | D:8      | Found a glowing golden altar of the Shining One.
  7185 | D:8      | Found a sacrificial altar of Ru.
  7255 | D:9      | Found a shadowy altar of Dithmenos.
  7528 | D:9      | Found Jifoater's Elemental Accessories.
  7564 | D:9      | Reached ***** piety under Trog
  7593 | D:9      | Noticed a cyclops
  7599 | D:9      | Killed a cyclops
  7599 | D:9      | Reached skill level 16 in Axes
  7990 | D:9      | Noticed a merfolk
  8000 | D:9      | Killed a merfolk
  8000 | D:9      | Reached XP level 10. HP: 74/77 MP: 9/9
  8138 | D:9      | Got a dazzling chain mail
  8165 | D:9      | Found a shimmering altar of Xom.
  8165 | D:9      | Found a shimmering altar of Xom.
  8176 | D:9      | Identified the cursed +1 chain mail "Xawn" {rF+} (You found it on level 9 of the Dungeon)
  8176 | D:9      | Found a shimmering altar of Xom.
  8177 | D:9      | Found a shimmering altar of Xom.
  8187 | D:9      | Found a shimmering altar of Xom.
  8204 | D:9      | Found a shimmering altar of Xom.
  8297 | D:9      | Noticed a two-headed ogre
  8305 | D:9      | Noticed a two-headed ogre
  8305 | D:9      | Killed a two-headed ogre
  8305 | D:9      | Reached skill level 17 in Axes
  8423 | D:9      | Killed a two-headed ogre
  8788 | D:10     | Entered Level 10 of the Dungeon
  8806 | D:10     | Found a staircase to the Lair.
  8946 | D:10     | Reached skill level 4 in Fighting
  8985 | D:10     | Found a staircase to the Orcish Mines.
  8996 | D:10     | Reached skill level 3 in Dodging
  9166 | D:10     | Reached skill level 3 in Armour
  9175 | D:10     | Noticed a two-headed ogre
  9180 | D:10     | Killed a two-headed ogre
  9180 | D:10     | Reached skill level 5 in Fighting
  9180 | D:10     | Reached skill level 4 in Armour
  9180 | D:10     | Reached skill level 4 in Dodging
  9380 | D:10     | Noticed a gargoyle
  9392 | D:10     | Killed a gargoyle
  9392 | D:10     | Reached XP level 11. HP: 78/88 MP: 10/10
  9571 | D:10     | Noticed a two-headed ogre
  9580 | D:10     | Killed a two-headed ogre
  9580 | D:10     | Reached skill level 5 in Armour
  9631 | D:10     | Noticed a two-headed ogre
  9643 | D:10     | Killed a two-headed ogre
  9643 | D:10     | Reached skill level 6 in Fighting
  9643 | D:10     | Reached skill level 5 in Dodging
 10045 | D:11     | Noticed a two-headed ogre
 10065 | D:11     | Killed a two-headed ogre
 10065 | D:11     | Reached skill level 6 in Armour
 10161 | D:11     | Received a gift from Trog
 10282 | D:11     | Reached skill level 7 in Fighting
 10282 | D:11     | Reached skill level 6 in Dodging
 10455 | D:11     | Reached skill level 7 in Armour
 10779 | D:12     | Received a gift from Trog
 10877 | Orc:1    | Entered Level 1 of the Orcish Mines
 10911 | Orc:1    | Reached skill level 8 in Fighting
 10962 | Orc:1    | Noticed an orc knight
 10967 | Orc:1    | Reached skill level 7 in Dodging
 10983 | Orc:1    | Killed an orc knight
 11191 | Orc:1    | Reached skill level 8 in Armour
 11444 | Orc:1    | Reached XP level 12. HP: 69/103 MP: 11/11
 11832 | Orc:2    | Entered Level 2 of the Orcish Mines
 11856 | Orc:2    | Noticed an orc high priest
 11862 | Orc:2    | Noticed an orc warlord
 11863 | Orc:2    | Noticed an orc high priest
 11870 | Orc:2    | Reached skill level 9 in Armour
 11873 | Orc:2    | Noticed terra52's ghost (adept FoFi)
 11875 | Orc:2    | Reached skill level 9 in Fighting
 11877 | Orc:2    | Killed an orc high priest
 11877 | Orc:2    | Reached skill level 8 in Dodging
 11892 | Orc:2    | Killed an orc warlord
 11942 | Orc:2    | Reached skill level 10 in Armour
 12239 | Orc:2    | Noticed an orc high priest
 12258 | Orc:2    | Killed an orc high priest
 12259 | Orc:2    | Found a staircase to the Elven Halls.
 12295 | Orc:2    | Paralysed by an orc sorcerer for 2 turns
 12334 | Orc:2    | Reached skill level 11 in Armour
 12346 | Orc:2    | Noticed an orc high priest
 12363 | Orc:2    | HP: 39/159 [orc high priest/flail (1)]
 12365 | Orc:2    | Killed an orc high priest
 12365 | Orc:2    | Reached skill level 10 in Fighting
 12365 | Orc:2    | Reached skill level 9 in Dodging
 12567 | Orc:2    | Killed an orc high priest
 12656 | Orc:2    | HP: 10/106 [terra52's ghost (19)]
 12952 | Orc:2    | Found Rompafuq's Jewellery Emporium.
 12952 | Orc:2    | Found Adwuyp's General Store.
 13013 | Orc:2    | Bought an uncursed amulet of regeneration for 330 gold pieces
 13104 | Orc:2    | Found a roughly hewn altar of Beogh.
 13137 | Orc:2    | Killed terra52's ghost
 13158 | Orc:2    | Noticed an orc high priest
 13170 | Orc:2    | Killed an orc high priest
 13206 | Orc:2    | Reached skill level 12 in Armour
 13233 | Orc:2    | Found Nuheuwudu's Antique Weapon Shop.
 13264 | Orc:2    | Found Quijumn's Antique Armour Emporium.
 13307 | Orc:2    | Bought a polished ring mail for 315 gold pieces
 13317 | Orc:2    | Identified the cursed +0 ring mail of the Fife {*Slow +Inv rC+ rCorr} (You bought it in a shop on level 2 of the Orcish Mines)
 13326 | Orc:2    | Bought a runed cloak for 262 gold pieces
 13326 | Orc:2    | Bought a glowing scarf for 280 gold pieces
 13480 | Orc:2    | Found a roughly hewn altar of Beogh.
 13648 | Lair:1   | Entered Level 1 of the Lair of Beasts
 13664 | Lair:1   | Reached XP level 13. HP: 110/114 MP: 12/12
 14068 | Lair:1   | Reached skill level 18 in Axes
 14211 | Lair:1   | Got an encrusted hand axe
 14287 | Lair:1   | You fall through a shaft!
 14292 | Lair:2   | Identified the +7 hand axe of Yrim {distort, MR++ Str+4} (You found it on level 1 of the Lair of Beasts)
 14392 | Lair:2   | Reached skill level 10 in Dodging
 14448 | Lair:2   | Lost mutation: You are agile. (Dex +2) [mutagenic glow]
 14499 | Lair:2   | Gained mutation: Potions are less effective at restoring your health. [mutagenic glow]
 14516 | Lair:2   | Noticed a merfolk impaler
 14522 | Lair:2   | Killed a merfolk impaler
 14522 | Lair:2   | Reached skill level 11 in Fighting
 14699 | Lair:2   | Found a staircase to the Shoals.
 14829 | Lair:2   | Received a gift from Trog
 15895 | Lair:4   | Found a hole to the Spider Nest.
 15902 | Lair:4   | Reached skill level 13 in Armour
 16145 | Lair:4   | Noticed Harold
 16162 | Lair:4   | Killed Harold
 16294 | Lair:4   | Noticed Snorg
 16310 | Lair:4   | Killed Snorg
 16686 | Lair:4   | Reached skill level 19 in Axes
 16945 | Lair:5   | Reached XP level 14. HP: 116/125 MP: 13/13
 16995 | Lair:5   | Reached skill level 12 in Fighting
 17025 | Lair:5   | Reached skill level 11 in Dodging
 17330 | Lair:6   | Entered Level 6 of the Lair of Beasts
 17438 | Lair:6   | Found a staircase to the Slime Pits.
 17501 | Lair:6   | Received a gift from Trog
 18065 | Lair:6   | Found a runed door.
 18109 | Lair:6   | Paralysed by a hornet for 1 turns
 18143 | Lair:6   | Paralysed by a hornet for 2 turns
 18455 | Spider:1 | Entered Level 1 of the Spider Nest
 18455 | Spider:1 | Noticed an emperor scorpion
 18463 | Spider:1 | Killed an emperor scorpion
 18516 | Spider:1 | Noticed an entropy weaver
 18529 | Spider:1 | Killed an entropy weaver
 18749 | Spider:1 | Reached skill level 14 in Armour
 18773 | Spider:1 | HP: 15/127 [disintegration (18)]
 18778 | Spider:1 | HP: 11/127 [poisoned by a redback]
 18783 | Spider:1 | HP: 9/127 [poisoned by a redback]
 18789 | Spider:1 | HP: 23/127 [poisoned by a redback]
 18794 | Spider:1 | HP: 24/127 [poisoned by a redback]
 18799 | Spider:1 | HP: 25/127 [poisoned by a redback]
 18806 | Spider:1 | HP: 28/127 [poisoned by a redback]
 18853 | Spider:1 | Reached skill level 20 in Axes
 19065 | Spider:1 | Noticed Rupert
 19065 | Spider:1 | Paralysed by Rupert for 6 turns
 19078 | Spider:1 | Killed Rupert
 19078 | Spider:1 | Reached skill level 12 in Dodging
 19229 | Spider:1 | Received a gift from Trog
 19250 | Spider:1 | Got an encrusted battleaxe {god gift}
 19252 | Spider:1 | Identified the +10 battleaxe "Rabel" {chop, +Rage} (Trog gifted it to you on level 1 of the Spider Nest)
 19406 | Spider:1 | Paralysed by a hornet for 3 turns
 19413 | Spider:1 | Reached skill level 13 in Fighting
 19419 | Spider:1 | Reached ****** piety under Trog
 19508 | Spider:1 | Reached XP level 15. HP: 135/135 MP: 14/14
 20237 | Spider:2 | Noticed Arachne
 20241 | Spider:2 | Reached skill level 15 in Armour
 20242 | Spider:2 | Received a gift from Trog
 20260 | Spider:2 | Killed Arachne
 20260 | Spider:2 | Reached skill level 14 in Fighting
 20270 | Spider:2 | Reached skill level 13 in Dodging
 20322 | Spider:2 | Identified a scroll of acquirement
 20461 | Spider:2 | Received a gift from Trog
 20997 | Spider:3 | Noticed a ghost moth
 21005 | Spider:3 | Killed a ghost moth
 21160 | Spider:3 | Reached skill level 16 in Armour
 21384 | Spider:3 | Reached XP level 16. HP: 129/147 MP: 15/15
 21526 | Spider:3 | Noticed Ag's ghost (adept FoCK)
 21547 | Spider:3 | Killed Ag's ghost
 21547 | Spider:3 | Reached skill level 15 in Fighting
 22194 | Spider:4 | Entered Level 4 of the Spider Nest
 22493 | Spider:4 | HP: 31/149 [wolf spider (10)]
 22512 | Spider:4 | HP: 33/149 [jumping spider (5)]
 22886 | Spider:4 | Got a brightly glowing leather armour
 22947 | Spider:4 | Received a gift from Trog
 23093 | Spider:4 | Reached skill level 17 in Armour
 23180 | Spider:4 | Reached skill level 16 in Fighting
 23195 | Spider:4 | HP: 31/151 [emperor scorpion (18)]
 23198 | Spider:4 | HP: 14/151 [emperor scorpion (2)]
 23198 | Spider:4 | HP: 6/151 [emperor scorpion (8)]
 23199 | Spider:4 | Mangled by an emperor scorpion

Vault maps used:
D:1:      minmay_arrival_arboretum_small, minmay_tromino_i4
D:2:      elyvilon_altar_1, uniq_sigmund
D:3:      first_bread, kennysheep_generic_room_6
D:4:      cheibrodos_pilgrimage, minmay_temple_entry_junction
D:5:      serial_shops, nicolae_shop_stone, nicolae_ossuary_entry_giza,
          uniq_pikel, uniq_eustachio
D:6:      serial_shops, shop, minivault_5
D:8:      nicolae_tso_swordbearing_angel, nicolae_ru_path_of_blood
D:9:      xom_redecorated, nicolae_dithmenos_shadow_blocks, hangedman_fish_farm,
          nicolae_elemental_shop
D:10:     minmay_lair_entry_lava, orc_0_dummy
D:11:     kennysheep_nondescript
D:12:     uniq_frances
Lair:1:   serial_bayou_shore_a
Lair:2:   minmay_shoals_entry_beasts
Lair:3:   lemuel_fruit_fields
Lair:4:   minmay_lair_oklob_tunnel, nicolae_spider_entry_tight_spaces,
          uniq_snorg, uniq_harold
Lair:5:   grunt_megastairs_2
Lair:6:   wormcave, nicolae_slime_entry_slimehenge
Spider:1: uniq_rupert
Spider:2: spider_trap, nicolae_arachne_temple
Spider:3: guppyfry_spider_mini_3
Spider:4: spider_rune_water, minmay_another_anthill
Orc:1:    cheibrodos_orc_guarddog
Orc:2:    grunt_orc_gardens, grunt_orc_garden, grunt_orc_garden,
          grunt_orc_garden, grunt_orc_garden, basic_altar, mines2_david
Ossuary:  ossuary_tomb_3

Skill      XL: |  1  2  3  4  5  6  7  8  9 10 11 12 13 14 15 16 |
---------------+-------------------------------------------------+-----
Axes           | 4 5 7 8 9 11 13 16 17 19 20 | 20.6
Fighting       | 5 8 10 11 13 14 16 | 16.1
Dodging        | 4 7 9 10 12 13 | 13.9
Armour         | 4 8 12 13 14 16 17 | 17.1

Action                   |  1- 3 |  4- 6 |  7- 9 | 10-12 | 13-15 | 16-18 || total
-------------------------+-------+-------+-------+-------+-------+-------++-------
Melee: Hand axe          |    71 |   111 |   276 |   657 |    38 |       ||  1153
       Headbutt          |     9 |    18 |    69 |   180 |   204 |    43 ||   523
       War axe           |       |       |    32 |    44 |       |       ||    76
       Battleaxe         |       |       |       |     2 |   897 |   186 ||  1085
Invok: Berserk           |     3 |     3 |     5 |    15 |    11 |     4 ||    41
       Trog's Hand       |     1 |       |     1 |     5 |     1 |       ||     8
       Brothers in Arms  |       |       |       |       |     1 |       ||     1
Evoke: Wand              |       |       |       |       |     4 |     1 ||     5
  Use: Scroll            |       |       |    13 |    10 |    10 |     5 ||    38
       Potion            |       |       |       |     3 |     5 |     4 ||    12
 Stab: Held in net/web   |       |       |       |       |     1 |       ||     1
  Eat: Chunk             |     3 |     9 |    26 |    39 |    20 |       ||    97
       Bread ration      |       |       |     1 |       |     1 |     1 ||     3
       Fruit             |       |       |       |       |     7 |       ||     7
       Royal jelly       |       |       |       |       |     3 |       ||     3
       Meat ration       |       |       |       |       |       |     1 ||     1
Armor: Animal skin       |    13 |       |       |       |       |       ||    13
       Ring mail         |       |    36 |    36 |       |       |       ||    72
       Chain mail        |       |       |    50 |    95 |       |       ||   145
       Plate armour      |       |       |       |   132 |   709 |   185 ||  1026
Dodge: Dodged            |    41 |    41 |   106 |   212 |   612 |   140 ||  1152

Vault maps used:
D:1:      minmay_arrival_arboretum_small, minmay_tromino_i4
D:2:      elyvilon_altar_1, uniq_sigmund
D:3:      first_bread, kennysheep_generic_room_6
D:4:      cheibrodos_pilgrimage, minmay_temple_entry_junction
D:5:      serial_shops, nicolae_shop_stone, nicolae_ossuary_entry_giza,
          uniq_pikel, uniq_eustachio
D:6:      serial_shops, shop, minivault_5
D:8:      nicolae_tso_swordbearing_angel, nicolae_ru_path_of_blood
D:9:      xom_redecorated, nicolae_dithmenos_shadow_blocks, hangedman_fish_farm,
          nicolae_elemental_shop
D:10:     minmay_lair_entry_lava, orc_0_dummy
D:11:     kennysheep_nondescript
D:12:     uniq_frances
Lair:1:   serial_bayou_shore_a
Lair:2:   minmay_shoals_entry_beasts
Lair:3:   lemuel_fruit_fields
Lair:4:   minmay_lair_oklob_tunnel, nicolae_spider_entry_tight_spaces,
          uniq_snorg, uniq_harold
Lair:5:   grunt_megastairs_2
Lair:6:   wormcave, nicolae_slime_entry_slimehenge
Spider:1: uniq_rupert
Spider:2: spider_trap, nicolae_arachne_temple
Spider:3: guppyfry_spider_mini_3
Spider:4: spider_rune_water, minmay_another_anthill
Orc:1:    cheibrodos_orc_guarddog
Orc:2:    grunt_orc_gardens, grunt_orc_garden, grunt_orc_garden,
          grunt_orc_garden, grunt_orc_garden, basic_altar, mines2_david
Ossuary:  ossuary_tomb_3

Table legend:
 A = Turns spent in this place as a percentage of turns spent in the entire game.
 B = Non-inter-level travel turns spent in this place as a percentage of non-inter-level travel turns spent in the entire game.
 C = Inter-level travel turns spent in this place as a percentage of turns spent in this place.
 D = Turns resting spent in this place as a percentage of non-inter-level travel turns spent in this place.
 E = Turns spent auto-exploring this place as a percentage of non-inter-level travel turns spent in this place.
 F = Non-inter-level travel turns spent in this place divided by the number of levels of this place that you've seen.
                   A       B       C       D       E      F
               +-------+-------+-------+-------+-------+----------------------
         Total | 100.0 | 100.0 |   0.6 |   3.4 |   8.1 | 300.7
       Dungeon |  37.3 |  37.2 |   0.8 |   4.5 |  10.4 | 233.1
          Lair |  19.2 |  19.2 |   0.5 |   2.7 |   9.9 | 241.2
   Spider Nest |  27.7 |  27.7 |   0.5 |   3.1 |   4.8 | 521.2
  Orcish Mines |  14.2 |  14.2 |   0.6 |   2.3 |   6.1 | 535.0
       Ossuary |   1.6 |   1.6 |   0.0 |   1.7 |  10.1 | 119.0
               +-------+-------+-------+-------+-------+----------------------

Table legend:
 A = Kills in this place as a percentage of kills in entire the game.
 B = Kills by you in this place as a percentage of kills by you in the entire game.
 C = Kills by friends in this place as a percentage of kills by friends in the entire game.
 D = Other kills in this place as a percentage of other kills in the entire game.
 E = Experience gained in this place as a percentage of experience gained in the entire game.
 F = Experience gained in this place divided by the number of levels of this place that you have seen.
                   A       B       C       D       E      F
               +-------+-------+-------+-------+-------+----------------------
         Total | 100.0 | 100.0 | 100.0 |  -nan | 100.0 | 7518.3
       Dungeon |  32.3 |  32.5 |   0.0 |  -nan |   9.7 | 1516.8
          Lair |  20.4 |  19.9 | 100.0 |  -nan |  22.0 | 6883.5
   Spider Nest |  32.8 |  33.0 |   0.0 |  -nan |  57.8 | 27173.8
  Orcish Mines |  12.4 |  12.5 |   0.0 |  -nan |  10.4 | 9778.0
       Ossuary |   2.1 |   2.1 |   0.0 |  -nan |   0.1 | 205.0
               +-------+-------+-------+-------+-------+----------------------
